 Dungeon Crawl Stone Soup version 0.29.0-11-gd7f09526c8 (webtiles) character file.

Game seed: 2633557760904808026

2625 styxcanada the Covert (level 9, -23/40 HPs)
             Began as a Spriggan Brigand on Sept 2, 2022.
             Was an Initiate of Gozag.
             Hit by a large rock thrown by a cyclops (26 damage)
             ... on level 7 of the Dungeon.
             The game lasted 00:41:05 (9142 turns).

styxcanada the Covert (Spriggan Brigand)            Turns: 9142, Time: 00:41:05

Health: -23/40     AC:  9    Str:  7    XL:     9   Next: 34%
Magic:  12/12      EV: 21    Int: 13    God:    Gozag
Gold:   430        SH:  0    Dex: 20    Spells: 7/11 levels left

rFire   + . .      SeeInvis +   a - +3 dagger (vamp)
rCold   . . .      Faith    .   (no shield)
rNeg    . . .      Spirit   .   b - +0 robe
rPois   .          Reflect  .   (helmet restricted)
rElec   .          Harm     .   c - +0 cloak
rCorr   .          Rampage  .   (gloves unavailable)
Will    +....                   (boots unavailable)
Stlth   +++++.....              (no amulet)
HPRegen 0.13/turn               F - ring of protection from fire
MPRegen 0.13/turn               g - +4 ring of protection

@: studying Earth Magic, very quick
A: very small, no large weapons, unfitting armour, see invisible, speed 3,
antennae 1, iridescent scales 1, frail 1, MP-powered wands
a: Renounce Religion, Potion Petition, Call Merchant, Bribe Branch


You were on level 7 of the Dungeon.
You worshipped Gozag.
Gozag was aware of your devotion.
You visited 2 branches of the dungeon, and saw 8 of its levels.

You collected 541 gold pieces.
You paid 111 gold pieces to Gozag.

Inventory:

Hand Weapons
 a - a +3 vampiric dagger (weapon)
 k - a +1 sling of flaming
 o - a +1 dagger of holy wrath
Missiles
 d - 25 poisoned darts (quivered)
 e - 3 curare-tipped darts
 j - 71 stones
 C - 5 boomerangs
Armour
 b - a +0 robe (worn)
 c - a +0 cloak (worn)
Jewellery
 g - a +4 ring of protection (right hand)
 m - a ring of positive energy
 F - a ring of protection from fire (left hand)
 G - a ring of resist corrosion
Scrolls
 f - a scroll of identify
 t - 5 scrolls of teleportation
 u - a scroll of amnesia
 y - a scroll of enchant armour {unknown}
 A - 2 scrolls of blinking {unknown}
 B - a scroll of poison {unknown}
 E - a scroll of summoning {unknown}
Potions
 h - 4 potions of heal wounds
 i - a potion of ambrosia
 l - 3 potions of haste
 n - a potion of curing
 p - 5 potions of might
 r - 4 potions of lignification
 w - a potion of flight
 x - 2 potions of berserk rage
 z - a potion of cancellation
 D - a potion of degeneration {unknown}


   Skills:
 * Level 3.8 Fighting
 + Level 3.8 Short Blades
 + Level 4.2 Ranged Weapons
 + Level 5.2 Throwing
 * Level 5.9 Dodging
 * Level 12.2 Stealth
 * Level 1.8 Spellcasting
 * Level 0.6 Conjurations
 * Level 0.9 Air Magic
 * Level 1.0 Poison Magic
 * Level 4.4 Evocations


You had 7 spell levels left.
You knew the following spells:

 Your Spells              Type           Power      Damage    Failure   Level
a - Magic Dart            Conj           8%         1d3       21%         1
b - Mephitic Cloud        Conj/Pois/Air  3%         N/A       47%         3

Your spell library contained the following spells:

 Spells                   Type           Power      Damage    Failure   Level
 Call Imp                 Summ           1%         N/A       36%         2


Dungeon Overview and Level Annotations

Branches:
Dungeon (7/15)             Temple (1/1) D:6

Altars:
Ashenzari
Dithmenos
Elyvilon
Gozag
Sif Muna
Trog
Vehumet
Wu Jian
Xom

Annotations:
D:5 2 transporters, Shayle's ghost, amateur DjWr
D:7 1 transporter, greynaab's ghost, novice KoBr


Innate Abilities, Weirdness & Mutations

You are very small and have problems with some larger weapons.
You are too small for most types of armour.
You have supernaturally acute eyesight. (SInv)
You cover ground extremely quickly. (Speed+++)
You have a pair of small antennae on your head.
You are partially covered in iridescent scales. (AC +2)
You are frail. (-10% HP)
You expend magic power (3 MP) to strengthen your wands.


Message History

Greynaab's ghost casts a spell at you. You resist with almost no effort.
Things that are here:
8 gold pieces; a +0 robe Throw: 24 darts (poison)
Press: ? - help, Q - select action, (/) - cycle Shift-Dir - straight line, f - greynaab's ghost
Aim: greynaab's ghost, wielding a weapon of protection (43% to hit)
You throw a poisoned dart.
The poisoned dart hits greynaab's ghost.
Unknown command.
Throw: 23 darts (poison)
Press: ? - help, Q - select action, (/) - cycle Shift-Dir - straight line, f - cyclops, p - greynaab's ghost
Aim: a cyclops, quivering large rocks (87% to hit)
You throw a poisoned dart. The poisoned dart hits the cyclops.
The cyclops is poisoned.
The cyclops throws a large rock.
The large rock hits you!!!
Ouch! That really hurt!
* * * LOW HITPOINT WARNING * * *
Throw: 22 darts (poison)
Press: ? - help, Q - select action, (/) - cycle Shift-Dir - straight line, f/p - cyclops
Aim: a cyclops, quivering large rocks (poisoned, 87% to hit)
You throw a poisoned dart. The poisoned dart hits the cyclops!
The cyclops looks even sicker.
Unknown command.
Greynaab's ghost points at you and mumbles some strange words.
You resist with almost no effort.
A cyclops is nearby!
The cyclops throws a large rock.
The large rock barely misses you.
There is a transporter here.
The cyclops throws a large rock.
The large rock completely misses you.
d - 23 poisoned darts (gained 2)
You see here 2 poisoned darts.
d - 25 poisoned darts (gained 2)
Things that are here:
4 gold pieces; a +0 short sword; a +0 chain mail You now have 430 gold pieces (gained 4).
The cyclops throws a large rock.
The large rock hits you!!
Ouch! That really hurt!
You die...
Your body crumbles into a pile of gold.

##### #.##### #.#................
....# #.#...# #.#.....#..#.......
###.# #.#...###.#.....#..........
#.# #.........#.....#.##.......
#.# #######..................##
#.# #.......©.......###### #.#
#...#########......... #.#
#..##8..=.(8##..###### #.#
#..#.@(....$.#..# # #.#
#..#.##...##.#..###### ###.##
#####..#)##...##.#..#...##
#....###......#....©....#..#...##
#.............#.##...##.#..#...##
#.............#C##.W.##.#........
#......#......#..(.....©#........
####...#......##8.....8##..#...##
#...#.......#########...#...##


You could see a cyclops (poisoned).

Vanquished Creatures
  An unseen horror (D:6)
  Sigmund (D:6)
  2 ice beasts
  An orc warrior (D:6)
  The ghost of BubbleThief the Trooper, an amateur DsAK of Lugonu (D:4)
  3 black bears
  2 ogres (D:4)
  A phantom (D:5)
  A kobold brigand (D:7)
  2 bullfrogs (D:7)
  A necrophage (D:4)
  5 scorpions
  4 wights (D:7)
  4 hounds
  2 jellies
  2 iguanas
  3 orc wizards
  4 gnolls (D:5)
  10 adders
  A white imp (D:6)
  2 dart slugs
  3 worms
  11 orcs
  7 endoplasms
  5 giant cockroaches
  10 goblins
  9 hobgoblins
  2 jackals (D:4)
  2 quokkas
  6 ball pythons
  7 bats
  2 frilled lizards
  12 kobolds
  8 rats
137 creatures vanquished.

Vanquished Creatures (others)
  A plant (D:2)
1 creature vanquished.

Grand Total: 138 creatures vanquished

Notes
Turn   | Place    | Note
-------+----------+-------------------------------------------
     0 | D:1      | styxcanada the Spriggan Brigand began the quest for the
                  | Orb.
     0 | D:1      | Reached XP level 1. HP: 10/10 MP: 2/2
   149 | D:1      | Reached skill level 6 in Stealth
   330 | D:1      | Reached XP level 2. HP: 11/14 MP: 3/3
   522 | D:1      | Found a faded altar of an unknown god.
  1345 | D:2      | Reached XP level 3. HP: 18/18 MP: 4/4
  1431 | D:2      | Reached skill level 7 in Stealth
  1902 | D:2      | Reached XP level 4. HP: 23/23 MP: 5/5
  2689 | D:3      | Reached skill level 8 in Stealth
  2997 | D:3      | Reached XP level 5. HP: 26/26 MP: 6/6
  4036 | D:4      | Reached skill level 9 in Stealth
  4093 | D:4      | Reached XP level 6. HP: 30/30 MP: 7/7
  4261 | D:4      | Found a transporter.
  4272 | D:4      | Found a transporter.
  4273 | D:4      | Noticed BubbleThief's ghost (amateur DsAK)
  4761 | D:4      | Reached skill level 1 in Ranged Weapons
  4784 | D:4      | Reached skill level 10 in Stealth
  4784 | D:4      | Reached XP level 7. HP: 35/35 MP: 8/8
  4879 | D:4      | Killed BubbleThief's ghost
  4986 | D:5      | Entered Level 5 of the Dungeon
  4989 | D:5      | Reached skill level 1 in Evocations
  5393 | D:5      | Found a transporter.
  5498 | D:5      | Noticed Shayle's ghost (amateur DjWr)
  5972 | D:5      | Reached XP level 8. HP: 40/40 MP: 9/9
  6187 | D:5      | Found a transporter.
  6397 | D:6      | Gained mutation: You expend magic power (3 MP) to
                  | strengthen your wands. [potion of mutation]
  6397 | D:6      | Gained mutation: Armour fits poorly on your strangely
                  | shaped body. [potion of mutation]
  6397 | D:6      | Gained mutation: You are frail. (-10% HP) [potion of
                  | mutation]
  6397 | D:6      | Gained mutation: Your movements are slightly less
                  | encumbered by armour. (ER -2) [potion of mutation]
  6398 | D:6      | Lost mutation: Your movements are slightly less encumbered
                  | by armour. (ER -2) [potion of mutation]
  6398 | D:6      | Lost mutation: You expend magic power (3 MP) to strengthen
                  | your wands. [potion of mutation]
  6398 | D:6      | Lost mutation: Armour fits poorly on your strangely shaped
                  | body. [potion of mutation]
  6398 | D:6      | Gained mutation: You are partially covered in iridescent
                  | scales. (AC +2) [potion of mutation]
  6398 | D:6      | Gained mutation: You have a pair of small antennae on your
                  | head. [potion of mutation]
  6398 | D:6      | Gained mutation: You expend magic power (3 MP) to
                  | strengthen your wands. [potion of mutation]
  6651 | D:6      | Reached skill level 11 in Stealth
  7023 | D:6      | Reached skill level 5 in Dodging
  7099 | D:6      | Noticed an unseen horror
  7102 | D:6      | Killed an unseen horror
  7103 | D:6      | Reached skill level 5 in Throwing
  7112 | D:6      | Found a staircase to the Ecumenical Temple.
  7119 | Temple   | Entered the Ecumenical Temple
  7143 | Temple   | Became a worshipper of Gozag Ym Sagoz the Greedy
  7315 | D:6      | Noticed Sigmund
  7322 | D:6      | Killed Sigmund
  7363 | D:6      | Reached skill level 12 in Stealth
  7363 | D:6      | Reached XP level 9. HP: 39/39 MP: 10/10
  7509 | D:7      | Learned a level 1 spell: Magic Dart
  7513 | D:7      | Learned a level 3 spell: Mephitic Cloud
  7873 | D:7      | Found a transporter.
  7876 | D:7      | Found a transporter.
  7879 | D:7      | Noticed greynaab's ghost (novice KoBr)
  7889 | D:7      | Noticed a cyclops
  7957 | D:7      | Reached skill level 1 in Spellcasting
  8949 | D:7      | Reached skill level 1 in Poison Magic
  9118 | D:7      | HP: 1/40 [cyclops/large rock (39)]
  9142 | D:7      | Hit by a large rock thrown by a cyclops

Illustrated notes

Levels and vault maps discovered:
D:1:      dpeg_arrival_radiant, layout_loops_ring,
          dilly_ecumenical_altar_fadedgnrine,
          wander_ebering_terrifying_dragon_lair
D:2:      kennysheep_the_goblin_king, layout_basic, st_stairs_8,
          nrook_mini_vaults, roderic_lattice_a, serial_bayou_lagoon_a,
          chequers_avenue, nicolae_figureground_pulse
D:3:      layout_basic, minmay_strange_pillars, hangedman_feature_mirror,
          nicolae_titane
D:4:      layout_loops_corners, gammafunk_ghost_smash
D:5:      layout_loops_corners, gammafunk_ghost_hive, minivault_11
D:6:      layout_loops_ring, minmay_temple_entry_mist, minmay_microvault,
          uniq_sigmund
D:7:      layout_basic, gammafunk_ghost_arena
Temple:   compressed_dpeg_triangle_lava_temple

Skill      XL: |  1  2  3  4  5  6  7  8  9 |
---------------+----------------------------+-----
Stealth        | 6 7 8 9 10 12 | 12.2
Dodging        | 2 3 4 5 |  5.9
Short Blades   | 3 |  3.8
Fighting       | 2 3 |  3.8
Ranged Weapons | 1 2 3 4 |  4.2
Throwing       | 3 5 |  5.2
Evocations     | 1 3 4 |  4.4
Spellcasting   | 1 |  1.8
Poison Magic   | 1 |  1.0
Conjurations   | |  0.6
Air Magic      | |  0.9

Action                   |  1- 3 |  4- 6 |  7- 9 || total
-------------------------+-------+-------+-------++-------
Melee: Dagger            |    73 |    98 |   135 ||   306
       Punch             |       |     5 |     2 ||     7
 Fire: Sling             |       |    20 |   103 ||   123
Throw: Dart              |     8 |    32 |    58 ||    98
 Cast: Magic Dart        |       |       |    11 ||    11
Evoke: Wand              |       |     1 |    14 ||    15
  Use: Scroll            |       |       |    18 ||    18
       Potion            |       |       |     3 ||     3
 Stab: Sleeping          |    15 |    22 |    15 ||    52
       Distracted        |       |       |     1 ||     1
Armor: Robe              |     9 |     8 |    17 ||    34
Dodge: Dodged            |    30 |    67 |    98 ||   195
